AoeStats
← OratosV

African Clearing

504139446Analyzed
4v4 RM · 29d ago on Sep 4, 2026· 38m 7s· 8 players
Game mode
Random Map
Map size
Large (8 player)
Population
200
Speed
Normal
Resources
Standard
Victory
Conquest
Starting age
Dark Age
Ending age
Imperial Age
RankedLock teamsTeams togetherTeam positionsShared explorationLock speedFull tech treeHidden civsTurbo modeCheats
Victory
Defeat
🇧🇷 Saracens · Brazil
1540
+14
🇺🇸 Bengalis · United States
1540
+14
🇧🇷 Japanese · Brazil
1520
+15
🇵🇱 Slavs · Poland
1505
+15
🇺🇸 Khmer · United States
1621
-21
🇺🇸 Poles · United States
1533
-16
🇨🇦 Vikings · Canada
1411
-11
🇺🇸 Goths · United States
1388
-10
Kyrisser
8:08 Loom
12:29 Feudal Age
12:47 Feudal Age
13:50 Double-Bit Axe
13:51 Town Watch
14:24 Fletching
16:47 Castle Age
18:12 Wheelbarrow
23:43 Horse Collar
28:37 Scale Mail Armor
30:10 Chain Mail Armor
37:35 Bodkin Arrow
38:31 Ballistics
RyskiNinja
8:04 Loom
10:15 Feudal Age
10:44 Double-Bit Axe
16:02 Fletching
16:16 Horse Collar
22:19 Castle Age
20:48 Bloodlines
20:47 Town Watch
22:02 Scale Barding Armor
23:23 Chain Barding Armor
24:16 Husbandry
36:07 Bodkin Arrow
benji
3:46 Loom
12:49 Feudal Age
17:15 Castle Age
20:03 Double-Bit Axe
22:41 Town Watch
23:07 Bow Saw
24:33 Wheelbarrow
27:13 Man-at-Arms
28:07 Squires
28:14 Long Swordsman
28:56 Scale Mail Armor
31:18 Forging
31:35 Horse Collar
33:27 Heavy Plow
34:57 Gold Mining
39:27 Imperial Age
OratosV
6:21 Loom
13:54 Feudal Age
14:36 Town Watch
20:16 Castle Age
26:32 Double-Bit Axe
31:24 Fletching
31:47 Gold Mining
32:11 Bodkin Arrow
32:21 Crossbowman
37:06 Padded Archer Armor
GareBear330
14:01 Feudal Age
15:15 Double-Bit Axe
18:01 Castle Age
18:59 Bow Saw
22:11 Horse Collar
23:35 Wheelbarrow
22:46 Loom
22:49 Town Watch
25:43 Heavy Plow
25:34 Gold Mining
25:38 Stone Mining
26:38 Hand Cart
26:42 Gold Mining
27:12 Fletching
27:27 Padded Archer Armor
32:22 Imperial Age
30:56 Gold Shaft Mining
31:00 Bodkin Arrow
31:32 Ballistics
31:26 Bloodlines
31:17 Husbandry
32:38 Leather Archer Armor
32:07 Treadmill Crane
33:07 Bracer
35:03 Chemistry
34:15 Masonry
34:15 Scale Mail Armor
35:14 Ring Archer Armor
35:40 Arson
35:42 Gambesons
35:57 Squires
36:14 Chain Mail Armor
36:10 Forging
36:45 Coinage
36:26 Guilds
37:23 Elite Ratha (Ranged)
37:42 Siege Elephant
PNLN | maromba_aoe
5:02 Loom
14:39 Feudal Age
18:20 Castle Age
16:13 Fletching
16:23 Padded Archer Armor
16:15 Double-Bit Axe
17:25 Gold Mining
18:30 Bloodlines
19:21 Bodkin Arrow
21:02 Husbandry
24:06 Ballistics
32:14 Wheelbarrow
33:32 Leather Archer Armor
35:22 Hand Cart
Flash_br
3:00 Loom
12:58 Feudal Age
17:00 Castle Age
14:57 Double-Bit Axe
16:10 Stone Mining
16:54 Fletching
32:18 Wheelbarrow
34:21 Ballistics
35:57 Forging
38:28 Iron Casting
AfricanNija
7:20 Loom
13:13 Feudal Age
14:06 Double-Bit Axe
14:53 Town Watch
19:31 Fletching
27:29 Castle Age
27:37 Scale Mail Armor
27:33 Pikeman
28:18 Stone Mining
29:43 Wheelbarrow
31:26 Scale Barding Armor
34:52 Horse Collar
37:08 Chain Barding Armor
38:15 Heavy Plow
Connection lost

Rejoining the realm…

Still unreachable

The connection could not be restored.

Session expired

The server has moved on; the page needs a fresh start.